AoeStats
← Sophie[PrettyCool]

Arabia

505181849Analyzed
1v1 RM · 25d ago on Sep 8, 2026· 34m 26s· 2 players
Game mode
Random Map
Map size
Tiny (2 player)
Population
200
Speed
Normal
Resources
Standard
Victory
Conquest
Starting age
Dark Age
Ending age
Imperial Age
RankedLock teamsTeams togetherTeam positionsShared explorationLock speedFull tech treeHidden civsTurbo modeCheats
Victory
Defeat
🇦🇺 Franks · Australia
795
+16
🇦🇺 Bohemians · Australia
795
-16
Sophie[PrettyCool]
12:18 Loom
14:22 Feudal Age
15:57 Wheelbarrow
17:50 Town Watch
20:59 Castle Age
22:52 Double-Bit Axe
23:29 Pikeman
24:11 Squires
24:17 Horse Collar
26:16 Fervor
26:27 Sanctity
26:55 Scale Mail Armor
27:53 Chain Mail Armor
30:39 Chemistry
30:00 Ballistics
30:02 Hand Cart
yos
7:10 Loom
10:13 Feudal Age
18:10 Forging
19:32 Scale Barding Armor
23:48 Castle Age
22:35 Double-Bit Axe
24:47 Bow Saw
25:31 Husbandry
27:33 Bow Saw
28:13 Chain Barding Armor
32:01 Gold Mining
Connection lost

Rejoining the realm…

Still unreachable

The connection could not be restored.

Session expired

The server has moved on; the page needs a fresh start.